TOP OF THE 1ST |
Kennewick Bear Cubs batting - Pitching for Medford Nuggets : RHP Alex de Dios
|
Pitching: RHP Alex de Dios
|
|
Batting: RHB Matthew Sferrazza
|
0-0: DOUBLE (Groundball, 5L, EV 105.6 MPH)
|
Batting: SHB Eriberto Them
|
0-0: Ball 1-0: Called Strike 1-1: Swinging Strike 1-2: Ball 2-2: Ground out 5-3 (Groundball, 56S, EV 89.4 MPH)
|
Batting: RHB Jonathan Black
|
0-0: Ball 1-0: Ball 2-0: Ball 3-0: Called Strike 3-1: Swinging Strike 3-2: Ground out 1-3 (Groundball, 13S, EV 60.0 MPH) Matthew Sferrazza to third
|
Batting: RHB Ruben Machado
|
0-0: Ball 1-0: Called Strike 1-1: Ball 2-1: SINGLE (Flyball, 89S, EV 98.1 MPH) Matthew Sferrazza scores
|
Batting: RHB Roger Jensen
|
Pickoff Throw to First - Out! 1-3
|
Top of the 1st over - 1 run, 2 hits, 0 errors, 0 left on base; Kennewick 1 - Medford 0 |
BOTTOM OF THE 1ST |
Medford Nuggets batting - Pitching for Kennewick Bear Cubs : LHP Kevin Brown
|
Pitching: LHP Kevin Brown
|
|
Batting: RHB Frankie Thon
|
0-0: Called Strike 0-1: Ball 1-1: Ground out 5-3 (Groundball, 56, EV 107.5 MPH)
|
Batting: LHB Jose Mantilla
|
0-0: Called Strike 0-1: Foul Ball, location: 2F 0-2: Foul Ball, location: 2F 0-2: Ball 1-2: Ball 2-2: Foul Ball, location: 2F 2-2: Ground out 2-3 (Groundball, 2R, EV 69.4 MPH)
|
Batting: RHB Carl Hollis
|
0-0: Foul Ball, location: 2F 0-1: Fly out, F9 (Flyball, 9LM, EV 90.0 MPH)
|
Bottom of the 1st over - 0 runs, 0 hits, 0 errors, 0 left on base; Kennewick 1 - Medford 0 |
TOP OF THE 2ND |
Kennewick Bear Cubs batting - Pitching for Medford Nuggets : RHP Alex de Dios
|
Batting: RHB Roger Jensen
|
0-0: Ball 1-0: Fly out, F8 (Flyball, 8RXD, EV 98.1 MPH)
|
Batting: LHB Shane Fairbanks
|
0-0: Foul Ball, location: 2F 0-1: Ball 1-1: Ground out 4-3 (Groundball, 4, EV 103.1 MPH)
|
Batting: LHB John Mizerock
|
0-0: Ground out U3 (Groundball, 3S, EV 82.5 MPH)
|
Top of the 2nd over - 0 runs, 0 hits, 0 errors, 0 left on base; Kennewick 1 - Medford 0 |
BOTTOM OF THE 2ND |
Medford Nuggets batting - Pitching for Kennewick Bear Cubs : LHP Kevin Brown
|
Batting: RHB Michael Lavery
|
0-0: Foul Ball, location: 2F 0-1: Swinging Strike 0-2: Strikes out swinging
|
Batting: RHB Michael Gambeski
|
0-0: Called Strike 0-1: Ball 1-1: Foul Ball, location: 2F 1-2: Ball 2-2: Ball 3-2: Foul Ball, location: 2F 3-2: Base on Balls
|
Batting: RHB Scot Mitchell
|
0-0: Called Strike 0-1: Ball 1-1: Ball 2-1: Ball 3-1: Base on Balls Michael Gambeski to second
|
Batting: LHB Dave Vetsch
|
0-0: Swinging Strike 0-1: Swinging Strike 0-2: Ball 1-2: Ball 2-2: Ball 3-2: Strikes out looking
|
Batting: RHB Scott Roebuck
|
0-0: Ball 1-0: Ball 2-0: Swinging Strike 2-1: Foul Ball, location: 2F 2-2: Foul Ball, location: 2F 2-2: Ball 3-2: Base on Balls Michael Gambeski to third Scot Mitchell to second
|
Batting: RHB Gary Crabtree
|
0-0: Fly out, F4 (Popup, 4S, EV 60.0 MPH)
|
Bottom of the 2nd over - 0 runs, 0 hits, 0 errors, 3 left on base; Kennewick 1 - Medford 0 |
TOP OF THE 3RD |
Kennewick Bear Cubs batting - Pitching for Medford Nuggets : RHP Alex de Dios
|
Batting: RHB Kenneth Whitfield
|
0-0: Ball 1-0: Foul Ball, location: 2F 1-1: Swinging Strike 1-2: Ball 2-2: Foul Ball, location: 2F 2-2: Strikes out looking
|
Batting: RHB William Nunez
|
0-0: DOUBLE (Line Drive, 8LD, EV 108.1 MPH)
|
Batting: RHB Matthew Sferrazza
|
0-0: Called Strike 0-1: Called Strike 0-2: Strikes out swinging
|
Batting: SHB Eriberto Them
|
0-0: Called Strike 0-1: Swinging Strike 0-2: Strikes out swinging
|
Top of the 3rd over - 0 runs, 1 hit, 0 errors, 1 left on base; Kennewick 1 - Medford 0 |
BOTTOM OF THE 3RD |
Medford Nuggets batting - Pitching for Kennewick Bear Cubs : LHP Kevin Brown
|
Batting: RHB Frankie Thon
|
0-0: Ball 1-0: Ground out 2-3 (Groundball, 15S, EV 71.3 MPH)
|
Batting: LHB Jose Mantilla
|
0-0: Called Strike 0-1: Ball 1-1: Ball 2-1: Ball 3-1: Base on Balls
|
Batting: RHB Carl Hollis
|
0-0: Ball 1-0: Called Strike 1-1: Called Strike 1-2: Ball 2-2: Foul Ball, location: 2F 2-2: Grounds into double play, 6-4-3 (Groundball, 6, EV 86.3 MPH)
|
Bottom of the 3rd over - 0 runs, 0 hits, 0 errors, 0 left on base; Kennewick 1 - Medford 0 |
TOP OF THE 4TH |
Kennewick Bear Cubs batting - Pitching for Medford Nuggets : RHP Alex de Dios
|
Batting: RHB Jonathan Black
|
0-0: Called Strike 0-1: Called Strike 0-2: Ball 1-2: Fly out, F8 (Flyball, 78XD, EV 93.8 MPH)
|
Batting: RHB Ruben Machado
|
0-0: Swinging Strike 0-1: Ball 1-1: Ball 2-1: Foul Ball, location: 2F 2-2: SINGLE (Groundball, 4MD, EV 101.3 MPH)
|
Batting: RHB Roger Jensen
|
0-0: Ball 1-0: DOUBLE (Line Drive, 8LD, EV 101.9 MPH) Ruben Machado to third
|
Batting: LHB Shane Fairbanks
|
0-0: Ball 1-0: Called Strike 1-1: Foul Ball, location: 2F 1-2: Strikes out swinging
|
Batting: LHB John Mizerock
|
0-0: Called Strike 0-1: Swinging Strike 0-2: Foul Ball, location: 2F 0-2: Ground out 5-3 (Groundball, 56, EV 85.0 MPH)
|
Top of the 4th over - 0 runs, 2 hits, 0 errors, 2 left on base; Kennewick 1 - Medford 0 |
BOTTOM OF THE 4TH |
Medford Nuggets batting - Pitching for Kennewick Bear Cubs : LHP Kevin Brown
|
Batting: RHB Michael Lavery
|
0-0: Called Strike 0-1: Swinging Strike 0-2: Ball 1-2: Ball 2-2: Ball 3-2: Strikes out swinging
|
Batting: RHB Michael Gambeski
|
0-0: Called Strike 0-1: Ball 1-1: Ball 2-1: Swinging Strike 2-2: Strikes out looking
|
Batting: RHB Scot Mitchell
|
0-0: Foul Ball, location: 2F 0-1: Ball 1-1: Called Strike 1-2: Reached on error, E3 (Groundball, 3, EV 82.5 MPH)
|
Batting: LHB Dave Vetsch
|
0-0: Called Strike 0-1: Ball 1-1: SINGLE (Groundball, 3, EV 101.3 MPH) (infield hit) Scot Mitchell to second
|
Batting: RHB Scott Roebuck
|
0-0: Ball 1-0: Ball 2-0: Ball 3-0: Base on Balls Scot Mitchell to third Dave Vetsch to second
|
Batting: RHB Gary Crabtree
|
0-0: Called Strike 0-1: Ball 1-1: Swinging Strike 1-2: Ball 2-2: Strikes out swinging
|
Bottom of the 4th over - 0 runs, 1 hit, 1 error, 3 left on base; Kennewick 1 - Medford 0 |
TOP OF THE 5TH |
Kennewick Bear Cubs batting - Pitching for Medford Nuggets : RHP Alex de Dios
|
Batting: RHB Kenneth Whitfield
|
0-0: Called Strike 0-1: Foul Ball, location: 2F 0-2: Strikes out looking
|
Batting: RHB William Nunez
|
0-0: Foul Ball, location: 2F 0-1: Ball 1-1: SINGLE (Groundball, 56, EV 98.8 MPH) (infield hit)
|
Batting: RHB Matthew Sferrazza
|
0-0: Ball 1-0: Ball 2-0: Called Strike 2-1: Ball 3-1: Base on Balls William Nunez to second
|
Batting: SHB Eriberto Them
|
0-0: Called Strike 0-1: Ball 1-1: Ball 2-1: Ball 3-1: Foul Ball, location: 2F 3-2: Fielders Choice at 2nd, 6-4 (Groundball, 6, EV 78.8 MPH) William Nunez to third
|
Batting: RHB Jonathan Black
|
0-0: Called Strike 0-1: Fielders Choice at 2nd, 5-4 (Groundball, 5, EV 84.4 MPH)
|
Top of the 5th over - 0 runs, 1 hit, 0 errors, 2 left on base; Kennewick 1 - Medford 0 |
BOTTOM OF THE 5TH |
Medford Nuggets batting - Pitching for Kennewick Bear Cubs : LHP Kevin Brown
|
Batting: RHB Frankie Thon
|
0-0: Ball 1-0: Ball 2-0: Called Strike 2-1: Swinging Strike 2-2: Ground out 3-1 (Groundball, 34S, EV 79.4 MPH)
|
Batting: LHB Jose Mantilla
|
0-0: Ball 1-0: Called Strike 1-1: Fly out, F4 (Flyball, 4MD, EV 75.0 MPH)
|
Batting: RHB Carl Hollis
|
0-0: Called Strike 0-1: Fly out, F8 (Flyball, 8RD, EV 85.6 MPH)
|
Bottom of the 5th over - 0 runs, 0 hits, 0 errors, 0 left on base; Kennewick 1 - Medford 0 |
TOP OF THE 6TH |
Kennewick Bear Cubs batting - Pitching for Medford Nuggets : RHP Alex de Dios
|
Batting: RHB Ruben Machado
|
0-0: Swinging Strike 0-1: Ball 1-1: Called Strike 1-2: Fly out, F9 (Flyball, 9LS, EV 85.6 MPH)
|
Batting: RHB Roger Jensen
|
0-0: Swinging Strike 0-1: Ball 1-1: Foul Ball, location: 2F 1-2: Ball 2-2: Foul Ball, location: 2F 2-2: Strikes out looking
|
Batting: LHB Shane Fairbanks
|
0-0: SINGLE (Line Drive, 7S, EV 105.0 MPH)
|
Batting: LHB John Mizerock
|
0-0: Called Strike 0-1: Foul Ball, location: 2F 0-2: Foul Ball, location: 2F 0-2: Ground out 4-3 (Groundball, 4, EV 83.8 MPH)
|
Top of the 6th over - 0 runs, 1 hit, 0 errors, 1 left on base; Kennewick 1 - Medford 0 |
BOTTOM OF THE 6TH |
Medford Nuggets batting - Pitching for Kennewick Bear Cubs : LHP Kevin Brown
|
Batting: RHB Michael Lavery
|
0-0: Ball 1-0: SINGLE (Flyball, 9LS, EV 97.5 MPH)
|
Batting: RHB Michael Gambeski
|
0-0: Grounds into double play, 5-4-3 (Groundball, 56, EV 102.5 MPH)
|
Batting: RHB Scot Mitchell
|
0-0: Ball 1-0: Ball 2-0: Ball 3-0: Base on Balls
|
Batting: LHB Dave Vetsch
|
0-0: Ball 1-0: Ground out 6-3 (Groundball, 6D, EV 99.4 MPH)
|
Bottom of the 6th over - 0 runs, 1 hit, 0 errors, 1 left on base; Kennewick 1 - Medford 0 |
TOP OF THE 7TH |
Kennewick Bear Cubs batting - Pitching for Medford Nuggets : RHP Alex de Dios
|
Batting: RHB Kenneth Whitfield
|
0-0: Foul Ball, location: 2F 0-1: Foul Ball, location: 2F 0-2: Strikes out swinging
|
Batting: RHB William Nunez
|
0-0: Ground out 6-3 (Groundball, 6M, EV 91.3 MPH)
|
Batting: RHB Matthew Sferrazza
|
0-0: Called Strike 0-1: Ball 1-1: Ground out 5-3 (Groundball, 56, EV 95.6 MPH)
|
Top of the 7th over - 0 runs, 0 hits, 0 errors, 0 left on base; Kennewick 1 - Medford 0 |
BOTTOM OF THE 7TH |
Medford Nuggets batting - Pitching for Kennewick Bear Cubs : LHP Kevin Brown
|
Pitching: RHP Bryan Funk
|
|
Batting: RHB Scott Roebuck
|
0-0: Ball 1-0: Called Strike 1-1: Foul Ball, location: 2F 1-2: Foul Ball, location: 2F 1-2: Ball 2-2: Foul Ball, location: 2F 2-2: Ball 3-2: Strikes out swinging
|
Batting: RHB Gary Crabtree
|
0-0: Called Strike 0-1: Ball 1-1: Called Strike 1-2: Strikes out looking
|
Batting: RHB Frankie Thon
|
0-0: Called Strike 0-1: Ball 1-1: Hit by Pitch
|
Batting: LHB Jose Mantilla
|
0-0: Ball Frankie Thon steals 2nd base 1-0: Fly out, F8 (Line Drive, 8LM, EV 105.0 MPH)
|
Bottom of the 7th over - 0 runs, 0 hits, 0 errors, 1 left on base; Kennewick 1 - Medford 0 |
TOP OF THE 8TH |
Kennewick Bear Cubs batting - Pitching for Medford Nuggets : RHP Alex de Dios
|
Batting: SHB Eriberto Them
|
0-0: TRIPLE (Flyball, 89XD, EV 93.1 MPH)
|
Batting: RHB Jonathan Black
|
0-0: Intentional Walk
|
Batting: RHB Ruben Machado
|
0-0: Ground out 4-3 (Groundball, 34, EV 98.1 MPH) Jonathan Black to second
|
Batting: RHB Roger Jensen
|
0-0: Ball 1-0: Swinging Strike 1-1: Ball 2-1: Ground out 4-3 (Groundball, 4, EV 81.3 MPH)
|
Batting: LHB Shane Fairbanks
|
0-0: DOUBLE (Line Drive, 9LM, EV 106.3 MPH) Eriberto Them scores Jonathan Black scores
|
Batting: LHB John Mizerock
|
0-0: Called Strike 0-1: Ground out 5-3 (Groundball, 56S, EV 91.3 MPH)
|
Top of the 8th over - 2 runs, 2 hits, 0 errors, 1 left on base; Kennewick 3 - Medford 0 |
BOTTOM OF THE 8TH |
Medford Nuggets batting - Pitching for Kennewick Bear Cubs : RHP Bryan Funk
|
Batting: RHB Carl Hollis
|
0-0: Called Strike 0-1: Swinging Strike 0-2: Ball 1-2: Ball 2-2: Strikes out swinging
|
Batting: RHB Michael Lavery
|
0-0: Called Strike 0-1: Called Strike 0-2: Ball 1-2: Strikes out looking
|
Pitching: RHP Glenn Simmons
|
|
Batting: RHB Michael Gambeski
|
0-0: DOUBLE (Line Drive, 3D, EV 101.3 MPH)
|
Batting: RHB Scot Mitchell
|
0-0: Ball 1-0: Called Strike 1-1: Called Strike 1-2: Ball 2-2: Foul Ball, location: 2F 2-2: Foul Ball, location: 2F 2-2: Ball 3-2: Foul Ball, location: 2F 3-2: SINGLE (Groundball, 34S, EV 99.4 MPH) Michael Gambeski to third Michael Gambeski scores
|
Batting: LHB Dave Vetsch
|
0-0: Ball 1-0: Called Strike 1-1: Ball 2-1: Foul Ball, location: 2F 2-2: SINGLE (Groundball, 34S, EV 71.3 MPH) (infield hit) Scot Mitchell to second
|
Batting: RHB Scott Roebuck
|
0-0: Ball 1-0: Ball 2-0: Ball 3-0: Called Strike 3-1: Base on Balls Scot Mitchell to third Dave Vetsch to second
|
Batting: RHB Gary Crabtree
|
0-0: Ground out 1-3 (Groundball, 15S, EV 74.4 MPH)
|
Bottom of the 8th over - 1 run, 3 hits, 0 errors, 3 left on base; Kennewick 3 - Medford 1 |
TOP OF THE 9TH |
Kennewick Bear Cubs batting - Pitching for Medford Nuggets : RHP Alex de Dios
|
Batting: RHB Kenneth Whitfield
|
0-0: Ball 1-0: Ground out 6-3 (Groundball, 6, EV 79.4 MPH)
|
Batting: RHB William Nunez
|
0-0: Ball 1-0: Called Strike 1-1: Foul Ball, location: 2F 1-2: Foul Ball, location: 2F 1-2: Foul Ball, location: 2F 1-2: Foul Ball, location: 2F 1-2: Foul Ball, location: 2F 1-2: Foul Ball, location: 2F 1-2: Foul Ball, location: 2F 1-2: Ball 2-2: Ball 3-2: Foul Ball, location: 2F 3-2: Base on Balls
|
Batting: RHB Matthew Sferrazza
|
0-0: Ball 1-0: Ball 2-0: Swinging Strike 2-1: Fly out, F3 (Line Drive, 3, EV 74.4 MPH)
|
Batting: SHB Eriberto Them
|
0-0: Ball 1-0: Ball 2-0: Ball 3-0: Base on Balls William Nunez to second
|
Pitching: RHP David Hanson
|
|
Batting: RHB Jonathan Black
|
0-0: Foul Ball, location: 2F 0-1: Ball 1-1: Swinging Strike 1-2: Ball Passed Ball! William Nunez to third Eriberto Them to second 2-2: Strikes out swinging
|
Top of the 9th over - 0 runs, 0 hits, 0 errors, 2 left on base; Kennewick 3 - Medford 1 |
BOTTOM OF THE 9TH |
Medford Nuggets batting - Pitching for Kennewick Bear Cubs : RHP Glenn Simmons
|
Pitching: LHP Dan Yokubaitis
|
|
Now in CF: Steven Morris
|
|
Batting: RHB Frankie Thon
|
0-0: Ball 1-0: Foul Ball, location: 2F 1-1: DOUBLE (Line Drive, 78D, EV 110.0 MPH)
|
Pinch Hitting: RHB Tito Nieves
|
0-0: Ball 1-0: Swinging Strike 1-1: Ball 2-1: Fly out, F8 (Flyball, 78XD, EV 98.8 MPH) Runner from 2nd tags up, SAFE at 3rd, no throw by CF
|
Batting: RHB Carl Hollis
|
0-0: Foul Ball, location: 2F 0-1: Swinging Strike 0-2: Foul Ball, location: 2F 0-2: Ball 1-2: Ball 2-2: Strikes out looking
|
Batting: RHB Michael Lavery
|
0-0: Foul Ball, location: 2F 0-1: Ball 1-1: Swinging Strike 1-2: Strikes out swinging
|
Bottom of the 9th over - 0 runs, 1 hit, 0 errors, 1 left on base; Kennewick 3 - Medford 1 |
|